 Dungeon Crawl Stone Soup version 0.30-a0-304-gdc4b735fe1 (webtiles) character file.

Game seed: 18391946966006117167

4 IdlyInterested the Grave Robber (level 1, 0/15 HPs)
             Began as a Demonspawn Wanderer on Oct 20, 2022.
             Slain by a quokka (4 damage)
             ... on level 1 of the Dungeon.
             The game lasted 00:01:29 (194 turns).

IdlyInterested the Grave Robber (DsWn)               Turns: 194, Time: 00:01:30

Health: 0/15       AC:  2    Str: 10    XL:     1   Next: 58%
Magic:  3/3        EV: 11    Int: 18    God:
Gold:   0          SH:  0    Dex:  9    Spells: 3/4 levels left

rFire   . . .      SeeInvis .    a - +0 club
rCold   . . .      Faith    .    (no shield)
rNeg    . . .      Spirit   .    c - +0 robe
rPois   .          Reflect  .    (no helmet)
rElec   .          Harm     .    (no cloak)
rCorr   .          Rampage  .    (no gloves)
Will    .....                    (no boots)
Stlth   +.........               (no amulet)
HPRegen 0.22/turn                (no ring)
MPRegen 0.08/turn                (no ring)

@: no status effects
A: no striking features
a: no special abilities


You were on level 1 of the Dungeon.
You visited 1 branch of the dungeon, and saw 1 of its levels.

Inventory:

Hand Weapons
 a - a +0 club (weapon)
Armour
 c - a +0 robe (worn)
Scrolls
 d - a scroll of vulnerability
Potions
 b - a potion of lignification


   Skills:
 * Level 1.3 Fighting
 + Level 1.9 Armour
 + Level 2.1 Spellcasting
 - Level 2.0 Conjurations
 - Level 3.2 Necromancy


You had 3 spell levels left.
You knew the following spells:

 Your Spells              Type           Power      Damage    Failure   Level
a - Kiss of Death         Conj/Necr      44%        2d8       6%          1

Your spell library contained the following spells:

 Spells                   Type           Power      Damage    Failure   Level
 Sublimation of Blood     Necr           13%        N/A       7%          2
 Foxfire                  Conj/Fire      20%        2x1d5     12%         1
 Cigotuvi's Dreadful Rot  Necr/Pois/Air  10%        N/A       17%         2
 Stone Arrow              Conj/Erth      10%        3d7       34%         3


Dungeon Overview and Level Annotations

Branches:
Dungeon (1/15)

Altars:


Message History

The ball python barely misses you. The ball python closely misses you.
You hit the ball python.
You kill the ball python!
A quokka comes into view.
You hit the hobgoblin but do no damage. The hobgoblin barely misses you.
The hobgoblin closely misses you.
You barely miss the hobgoblin. The hobgoblin barely misses you.
You barely miss the hobgoblin. The hobgoblin barely misses you.
You hit the hobgoblin but do no damage. The hobgoblin hits you. x2
A goblin comes into view. It is wielding a +0 club.
Found a dagger.
Found a stone staircase leading down.
The goblin shouts!
The quokka attacks as you move away!
The quokka bites you but does no damage.
A quokka comes into view.
Found 9 gold pieces.
The quokka bites you. The quokka barely misses you.
The quokka attacks as you move away! The quokka bites you.
The hobgoblin attacks as you move away! The hobgoblin hits you.
The goblin hits you with a +0 club. The quokka attacks as you move away!
The quokka misses you. The quokka closely misses you. x2
The quokka attacks as you move away! The quokka barely misses you.
The goblin attacks as you move away! The goblin barely misses you.
The goblin attacks as you move away! The goblin barely misses you.
The quokka attacks as you move away! The quokka bites you.
Found a stone.
Found a stone staircase leading down.
The quokka bites you but does no damage.
The quokka closely misses you.
You hit the quokka.
The quokka is almost dead.
The quokka bites you but does no damage.
You hit the quokka.
You kill the quokka!
The quokka bites you but does no damage.
You closely miss the quokka. The quokka bites you.
* * * LOW HITPOINT WARNING * * *
You hit the quokka but do no damage. The quokka closely misses you.
The quokka bites you.
You die...

...> ...( ### ##..#...
....#.# ..... # #..#
#.###g.## #..@rS..#
######## #####g..# #.......
#...# #.####.. #...#
#.####.. #...#####.##....
### #######...##.†.....##.
.....#...............##.##.
..>........................
....#.##.#...........##.###


You could see a quokka, a hobgoblin, a goblin and a ball python.

Vanquished Creatures
  A ball python (D:1)
  2 bats (D:1)
  A quokka (D:1)
4 creatures vanquished.

Notes
Turn   | Place    | Note
-------+----------+-------------------------------------------
     0 | D:1      | IdlyInterested the Demonspawn Wanderer began the quest for
                  | the Orb.
     0 | D:1      | IdlyInterested set off with the following items: a +0 club,
                  | a potion of lignification, a +0 robe, a scroll of
                  | vulnerability; and the following spells available to
                  | memorise: Kiss of Death, Sublimation of Blood, Foxfire,
                  | Cigotuvi's Dreadful Rot, Stone Arrow.
     0 | D:1      | Reached XP level 1. HP: 15/15 MP: 3/3
   161 | D:1      | Learned a level 1 spell: Kiss of Death
   194 | D:1      | Slain by a quokka

Illustrated notes

Levels and vault maps discovered:
D:1:      dpeg_arrival_rhombus, layout_loops_cross, minmay_small_reverse_x

Action                   || total
-------------------------++-------
Melee: Club              ||    24
Armor: Robe              ||    23
Dodge: Dodged            ||    35

Table legend: (Time is in decaauts)
 A = Elapsed time spent in this place.
 B = Non-inter-level travel time spent in this place.
 C = Inter-level travel time spent in this place.
 D = Time resting spent in this place.
 E = Time spent auto-exploring this place.
 F = Levels seen in this place.
 G = Mean time per level.
                   A        B        C        D        E       F      G
               +--------+--------+--------+--------+--------+-----+--------+
         Total |    200 |    200 |      0 |     97 |     36 |   1 |  200.0 |
       Dungeon |    200 |    200 |      0 |     97 |     36 |   1 |  200.0 |
               +--------+--------+--------+--------+--------+-----+--------+

Top non-repeatable levels by time:
     D:1: 200 daAuts
